 Dungeon Crawl Stone Soup version 0.18-a0-1797-gc18daef (webtiles) character file.

6148 dobroeutro the Blocker (level 10, -26/72 HPs)
             Began as a Gargoyle Fighter on Apr 22, 2016.
             Was a High Priest of Okawaru.
             Annihilated by a white ugly thing (33 damage)
             ... on level 10 of the Dungeon.
             The game lasted 00:19:41 (9099 turns).

dobroeutro the Blocker (Gargoyle Fighter)           Turns: 9099, Time: 00:19:42

Health: -26/72     AC: 21    Str: 22    XL:     10   Next: 90%
Magic:  3/10       EV: 10    Int: 11    God:    Okawaru [*****.]
Gold:   546        SH: 20    Dex: 10    Spells: 0 memorised, 9 levels left

rFire  . . .     SeeInvis .     I - +5 spear of Winter {elec, rElec rN+}
rCold  . . .     Gourm    .     b - +0 scale mail
rNeg   + + .     Faith    .     e - +0 large shield
rPois  ∞         Spirit   .     Q - +0 helmet
rElec  +         Dismiss  .     E - +0 cloak
rCorr  .         Reflect  .     y - +0 pair of gloves
SustAt .         Harm     .     (no boots)
MR     .....                    (no amulet)
Stlth  ++........               C - ring of stealth
                                c - ring of wizardry

@: heroism, finesse, not resistant to hostile enchantments, unstealthy
A: clever 1, negative energy resistance 1, robust 1, electricity resistance,
unbreathing, petrification resistance, rot immunity, AC +7
a: Heroism, Finesse, Renounce Religion


You were on level 10 of the Dungeon.
You worshipped Okawaru.
Okawaru was extremely pleased with you.
You were hungry.

You visited 1 branch of the dungeon, and saw 11 of its levels.

You collected 585 gold pieces.
You spent 39 gold pieces at shops.

Inventory:

Hand Weapons
 a - the +3 mace of Destiny {crush, rN+}
   (You found it on level 4 of the Dungeon)

   It inflicts extra damage upon your enemies.
   It protects you from negative energy.
 t - a +2 flail of crushing
 I - the +5 spear of Winter (weapon) {elec, rElec rN+}
   (You found it on level 8 of the Dungeon)

   Occasionally, upon striking a foe, it will discharge some electrical energy
   and cause terrible harm.
   It insulates you from electricity.
   It protects you from negative energy.
Armour
 b - a +0 scale mail (worn)
 e - a +0 large shield (worn)
 y - a +0 pair of gloves (worn)
 E - a +0 cloak (worn)
 Q - a +0 helmet (worn)
Jewellery
 c - a ring of wizardry (left hand)
 C - a ring of stealth (right hand)
Wands
 u - a wand of slowing (23/48)
 D - a wand of random effects (24/48)
 P - a wand of digging (9/24)
Scrolls
 j - 2 scrolls of teleportation {unknown}
 m - 2 scrolls of fear {unknown}
 o - a scroll of acquirement {unknown}
 r - 4 scrolls of enchant weapon
 v - 7 scrolls of immolation
 w - 6 scrolls of magic mapping
 z - 3 scrolls of remove curse
 B - a scroll of noise {unknown}
Potions
 d - 3 potions of might
 h - a potion of cure mutation
 k - a potion of invisibility
 l - a potion of mutation
 n - 2 potions of haste
 p - 2 potions of magic
 q - 4 potions of curing
 s - 4 potions of degeneration
 x - a potion of brilliance
 A - 3 potions of heal wounds
 G - a potion of agility {unknown}
 J - a potion of berserk rage {unknown}
 L - a potion of flight {unknown}
 O - 2 potions of lignification {unknown}
Comestibles
 f - 7 bread rations
 g - 4 meat rations
 i - a beef jerky
 F - 19 fruits
 H - 10 slices of pizza
 M - a royal jelly


   Skills:
 + Level 9.4(14.4) Fighting
 + Level 8.1(13.1) Maces & Flails
 + Level 9.5(14.5) Armour
 + Level 9.6(14.6) Shields


You had 9 spell levels left.
You didn't know any spells.

Dungeon Overview and Level Annotations

Branches:
Dungeon (11/15)            Temple (0/1) D:4            Lair (0/8) D:8
    Orc: D:9-12

Altars:
Ashenzari
Dithmenos
Fedhas
Gozag
Makhleb
Nemelex Xobeh
Okawaru
Pakellas
Sif Muna
Trog
Yredelemnul
Zin
The Shining One

Shops:
D:8 ?


Innate Abilities, Weirdness & Mutations

You are resistant to torment.
Your stone body is resilient (AC +7).
You are immune to poison.
You resist negative energy.
You are resistant to electric shocks.
You can survive without breathing.
You are immune to petrification.
You are immune to rotting.
Your mind is acute. (Int +2)
You are robust (+10% HP).


Message History

The white ugly thing is heavily wounded.
The white ugly thing kicks you.
* * * LOW HITPOINT WARNING * * *
The white ugly thing freezes you!
* * * LOW HITPOINT WARNING * * *
You are too injured to fight recklessly!
You are too injured to fight recklessly!
You are too injured to fight recklessly!
Drink which item? (? for menu, Esc to quit)
You feel better.
The white ugly thing kicks you but does no damage.
Drink which item? (? for menu, Esc to quit)
Okay, then.
You fail to use your ability.
You block the white ugly thing's attack.
You can now deal lightning-fast blows.
You feel somewhat more hungry. The white ugly thing kicks you!
* * * LOW HITPOINT WARNING * * *
The white ugly thing freezes you!!
You die...

#...........# #.....
##########.## #..... ####....#
###### #.[..#### #. #######
##'######## #. ......#
#.).......### #####. ......#
#.........'.###.....
......########.........#..##.....
......'......'..@......##..#.....
......########...u.....###<......
......# #.........# ###.....
####### #.....[...# #.....
....##### ######'#### ####.#
###.....# #...# #.# #####.#
#########'### #.(
#######.#####...........# ##.
.........#..+...........# ####.


You could see a white ugly thing.

Vanquished Creatures
  The ghost of Jano the Chopper, a novice HOGl of Zin (D:6)
  Psyche (D:8)
  The ghost of epen the Insei, an amateur OpMo (D:4)
  A spriggan (D:9)
  5 yaks (D:10)
  Sigmund (D:6)
  A vampire (D:9)
  A wyvern (D:8)
  A soldier ant (D:10)
  5 ice beasts
  A phantom (D:7)
  A sky beast (D:8)
  2 necrophages (D:9)
  2 orc warriors (D:10)
  The ghost of Jano the Conjurer, an amateur DrCj (D:5)
  6 ogres
  2 centaurs
  2 giant frogs (D:6)
  3 scorpions
  5 killer bees (D:11)
  5 wights (D:6)
  An electric eel (D:8)
  5 crimson imps
  A giant frog zombie (D:5)
  7 hounds
  A jelly (D:6)
  Crazy Yiuf (D:6)
  A centaur zombie (D:9)
  A centaur skeleton (D:4)
  An orc priest (D:10)
  2 iguanas
  5 orc wizards
  11 worker ants
  A hound zombie (D:9)
  2 hound skeletons (D:5)
  A worker ant zombie (D:10)
  12 adders
  2 shadow imps
  2 oozes
  4 worms
  A dart slug (D:2)
  4 giant geckos
  29 orcs
  7 bats
  7 giant cockroaches
  10 goblins
  6 hobgoblins
  16 jackals
  11 kobolds
  3 quokkas
  3 ball pythons
  A ball python skeleton (D:4)
  3 giant gecko skeletons
  A giant gecko zombie (D:5)
  3 giant newts
  9 rats
223 creatures vanquished.

Notes
Turn   | Place    | Note
--------------------------------------------------------------
     0 | D:1      | dobroeutro the Gargoyle Fighter began the quest for the Orb.
     0 | D:1      | Reached XP level 1. HP: 14/14 MP: 1/1
   203 | D:1      | Reached XP level 2. HP: 18/19 MP: 2/2
   900 | D:1      | Reached XP level 3. HP: 22/23 MP: 3/3
   943 | D:2      | Found a glowing golden altar of the Shining One.
  1334 | D:2      | Found an oddly glowing altar of Pakellas.
  1667 | D:2      | Reached XP level 4. HP: 24/29 MP: 4/4
  1745 | D:2      | Found a burning altar of Makhleb.
  2087 | D:3      | Reached XP level 5. HP: 21/33 MP: 5/5
  2318 | D:3      | Found an iron altar of Okawaru.
  2341 | D:3      | Became a worshipper of Warmaster Okawaru
  2577 | D:4      | Noticed an ogre
  2586 | D:4      | Killed an ogre
  2586 | D:4      | Reached XP level 6. HP: 39/39 MP: 6/6
  2664 | D:4      | Noticed epen's ghost (amateur OpMo)
  2712 | D:4      | Reached * piety under Okawaru
  2712 | D:4      | Reached skill level 5 in Shields
  2760 | D:4      | Killed epen's ghost
  2760 | D:4      | Reached skill level 5 in Fighting
  2760 | D:4      | Reached skill level 5 in Armour
  2760 | D:4      | Reached XP level 7. HP: 6/44 MP: 7/7
  2773 | D:4      | Found a staircase to the Ecumenical Temple.
  3284 | D:4      | Noticed a moth of wrath
  3287 | D:4      | Found a bloodstained altar of Trog.
  3472 | D:4      | Got a jewelled mace
  3473 | D:4      | Identified the cursed +3 mace of Destiny {crush, rN+} (You found it on level 4 of the Dungeon)
  3534 | D:5      | Entered Level 5 of the Dungeon
  3676 | D:5      | Found a sparkling altar of Nemelex Xobeh.
  3702 | D:5      | Found a basalt altar of Yredelemnul.
  3705 | D:5      | Found a glowing silver altar of Zin.
  3708 | D:5      | Found a deep blue altar of Sif Muna.
  3863 | D:5      | Noticed Jano's ghost (amateur DrCj)
  3895 | D:5      | Killed Jano's ghost
  3895 | D:5      | Reached ** piety under Okawaru
  4087 | D:5      | Reached XP level 8. HP: 42/51 MP: 8/8
  4261 | D:6      | Noticed Jano's ghost (novice HOGl)
  4340 | D:6      | Killed Jano's ghost
  4340 | D:6      | Reached skill level 5 in Maces & Flails
  4384 | D:6      | Found a shadowy altar of Dithmenos.
  4397 | D:6      | Found a blossoming altar of Fedhas.
  4405 | D:6      | Noticed Sigmund
  4423 | D:6      | Killed Sigmund
  4450 | D:6      | Reached *** piety under Okawaru
  4513 | D:6      | Reached XP level 9. HP: 46/56 MP: 9/9
  4725 | D:6      | Noticed Crazy Yiuf
  4734 | D:6      | Killed Crazy Yiuf
  5734 | D:7      | Found a shattered altar of Ashenzari.
  5916 | D:7      | Reached **** piety under Okawaru
  5937 | D:7      | Found an opulent altar of Gozag.
  6706 | D:8      | Found a staircase to the Lair.
  6733 | D:8      | Found Fapiq's Magic Scroll Boutique.
  6754 | D:8      | Got a slimy spear
  6762 | D:8      | Bought a scroll of remove curse for 39 gold pieces
  6764 | D:8      | Identified the +5 spear of Winter {elec, rElec rN+} (You found it on level 8 of the Dungeon)
  6803 | D:8      | Found a sparkling altar of Nemelex Xobeh.
  6811 | D:8      | Noticed Psyche
  6816 | D:8      | Killed Psyche
  6816 | D:8      | Reached XP level 10. HP: 43/64 MP: 10/10
  7135 | D:8      | Gained mutation: You are robust (+10% HP). [mutagenic meat]
  7136 | D:8      | Gained mutation: Your mind is acute. (Int +2) [mutagenic meat]
  7373 | D:8      | Noticed a skeletal warrior
  7452 | D:9      | Found a bloodstained altar of Trog.
  7820 | D:9      | Reached ***** piety under Okawaru
  7995 | D:10     | Entered Level 10 of the Dungeon
  9059 | D:11     | Noticed a white ugly thing
  9099 | D:10     | Annihilated by a white ugly thing

Vault maps used:
D:1:      kilobyte_arrival_exit_the_forest, minmay_box_of_dots
D:2:      tso_metal_star, nicolae_overflow_hidden_temple, first_bread,
          hangedman_abyss_or_decor_stabs, kennysheep_small_spiral,
          grunt_pakellas_mercury
D:3:      kennysheep_okawaru_gauntlet
D:4:      tgw_trog, minmay_goblin_kobold_house
D:5:      nemelex_deck, grunt_temple_overflow_diamond, minmay_misc_feat_square
D:6:      lemuel_doored_altar, fedhas_altar_1, uniq_crazy_yiuf_cottage,
          uniq_sigmund
D:7:      nicolae_ashenzari_panopticon, grunt_gozag_statues,
          serial_co_window_serial, co_window_paths_a, co_window_paths_a,
          co_window_paths_b, co_window_corner_a, co_window_paths_a,
          co_window_corner_cb, co_window_unsneaky_path_e, co_window_broadway_c,
          co_window_broadway_b, co_window_cross_2, co_window_paths_d,
          co_window_paths_e
D:8:      lair_0_dummy, basic_altar, serial_shops, shop, uniq_psyche
D:9:      basic_altar, grunt_pizzeria
D:10:     grunt_ministairs_14
D:11:     basic_loot_grate_trap, uniq_sonja, uniq_erolcha

Skill      XL: |  1  2  3  4  5  6  7  8  9 10 |
---------------+-------------------------------+-----
Shields        | 4 5 7 8 9 |  9.6
Maces & Flails | 3 4 5 6 8 |  8.1
Fighting       | 4 5 6 8 9 |  9.4
Armour         | 4 5 6 8 9 |  9.5

Action                   |  1- 3 |  4- 6 |  7- 9 | 10-12 || total
-------------------------+-------+-------+-------+-------++-------
Melee: Flail             |   167 |   277 |    72 |       ||   516
       Mace              |       |       |   348 |       ||   348
       Spear             |       |       |    11 |   312 ||   323
Invok: Heroism           |       |       |       |     2 ||     2
       Finesse           |       |       |       |     1 ||     1
  Use: Scroll            |       |       |     9 |     4 ||    13
       Potion            |       |       |       |     3 ||     3
  Eat: Chunk             |     2 |     5 |    10 |    11 ||    28
       Bread ration      |       |       |     1 |       ||     1
Armor: Scale mail        |    74 |   176 |   148 |   134 ||   532
Dodge: Dodged            |    27 |    74 |    51 |    39 ||   191
Block: Shield            |     5 |       |       |       ||     5
       Large shield      |   106 |   326 |   337 |   220 ||   989
